 Dungeon Crawl Stone Soup version 0.27.1-34-g3ba077fa99 (webtiles) character file.

Game seed: 2981250046567873505

178 Romesagentofchaos the Ducker (level 5, -2/35 HPs)
             Began as a Demonspawn Gladiator on Jan 25, 2022.
             Was an Initiate of Ru.
             Slain by an ice beast (7 damage)
             ... on level 4 of the Dungeon.
             The game lasted 00:13:13 (2052 turns).

Romesagentofchaos the Ducker (Demonspawn Gladiator) Turns: 2052, Time: 00:13:14

Health: -2/35      AC:  4    Str: 15 (17) XL:     5   Next: 32%
Magic:  0/5        EV: 14    Int:  7 (9)  God:    Ru [......]
Gold:   728        SH:  0    Dex: 21 (23) Spells: 4/4 levels left

rFire    . . .     SeeInvis .   g - +2 dagger (venom)
rCold    . . .     Faith    .   (no shield)
rNeg     + . .     Spirit   +   b - +0 leather armour
rPois    .         Reflect  .   c - +0 helmet
rElec    .         Harm     .   (no cloak)
rCorr    +         Rampage  .   (no gloves)
Will     .....                  (no boots)
Stlth    ++........             e - amulet of Deruwnewn {Spirit Drain rN+ Regen+ Dex+8}
HPRegen  1.11/turn              h - ring of resist corrosion
MPRegen  0.09/turn              (no ring)

@: flying
A: claws 2, powered by pain 1, frail 1, strong 1, evolution 1
a: Renounce Religion


You were on level 4 of the Dungeon.
You worshipped Ru.
Ru was noncommittal.
You visited 1 branch of the dungeon, and saw 4 of its levels.

You collected 728 gold pieces.

Inventory:

Hand Weapons
 a - a +0 war axe
 f - a +0 dagger
 g - a +2 dagger of venom (weapon)
 k - a +3 flail
Armour
 b - a +0 leather armour (worn)
 c - a +0 helmet (worn)
Jewellery
 e - the amulet of Deruwnewn (around neck) {Spirit Drain rN+ Regen+ Dex+8}
   (You acquired it on level 1 of the Dungeon)

   [amulet of guardian spirit]

   It causes incoming damage to be divided between your reserves of health and
   magic.
   Dex:       It affects your dexterity (+8).
   rN:        It protects you from negative energy.
   Regen:     It increases your rate of health regeneration.
   Drain:     It drains your maximum health when unequipped.
 h - a ring of resist corrosion (left claw)
Wands
 i - a wand of flame (18)
Scrolls
 j - a scroll of amnesia


   Skills:
 + Level 2.5 Fighting
 + Level 1.2 Short Blades
 + Level 3.5 Axes
 + Level 1.8 Throwing
 + Level 1.8 Armour
 + Level 3.7 Dodging
 + Level 0.8 Stealth


You had 4 spell levels left.
You didn't know any spells.
Your spell library contained the following spells:

 Spells                   Type           Power      Damage    Failure   Level
 Gell's Gravitas          Tloc           0%         N/A       86%         3
 Lesser Beckoning         Tloc           0%         N/A       86%         3
 Teleport Other           Tloc           0%         N/A       86%         3


Dungeon Overview and Level Annotations

Branches:
Dungeon (4/15)
 Temple: D:4-7

Altars:
Qazlal
Ru


Innate Abilities, Weirdness & Mutations

You have very sharp fingernails.
You sometimes gain a little power by taking damage.
You are frail. (-10% HP)
Your muscles are strong. (Str +2)
You evolve.


Message History

You closely miss the ice beast.
The ice beast is moderately wounded.
The ice beast hits you but does no damage.
The dart slug launches a dart at you. The slug dart hits you.
You hit the ice beast.
The ice beast is poisoned.
The ice beast is heavily wounded.
The ice beast hits you but does no damage.
You hit the ice beast but do no damage.
The ice beast is heavily wounded.
The ice beast barely misses you.
You barely miss the ice beast.
The ice beast is heavily wounded.
The dart slug launches a dart at you. The slug dart misses you.
The ice beast hits you but does no damage.
You hit the ice beast but do no damage.
The ice beast is heavily wounded.
The ice beast hits you but does no damage.
The dart slug closely misses you.
You closely miss the ice beast.
The ice beast is heavily wounded.
The ice beast hits you. The ice beast freezes you!
You barely miss the ice beast.
The ice beast is heavily wounded.
The dart slug closely misses you. The ice beast hits you.
The ice beast freezes you!
You barely miss the ice beast.
The ice beast is severely wounded.
The ice beast hits you. The ice beast freezes you!
* * * LOW HITPOINT WARNING * * *
The dart slug launches a dart at you. The slug dart hits you.
* * * LOW HITPOINT WARNING * * *
It was a potion of flight.
You feel very buoyant.
You fly up into the air.
The ice beast hits you.
* * * LOW HITPOINT WARNING * * *
The ice beast freezes you!
You die...

#...............#
#..........<....#
#................#
#........#######...
#...........####.##
#.................
....§.............
..≈§§§.....w.....#
§.≈§§§....@.......
§≈≈§≈§....Y.......
§§≈§≈§............
§§≈§≈............#
8§≈≈..≈...........
§§§≈..............
§≈≈≈............
§§.....####(##..


You could see an ice beast (poisoned) and a dart slug.

Vanquished Creatures
  An orc priest (D:3)
  Terence (D:3)
  3 adders
  3 worms
  4 dart slugs
  4 orcs (D:3)
  6 ball pythons
  7 endoplasms
  3 giant cockroaches (D:1)
  8 goblins
  8 hobgoblins
  3 jackals (D:2)
  4 quokkas
  3 bats
  3 frilled lizards
  5 kobolds
  6 rats
72 creatures vanquished.

Notes
Turn   | Place    | Note
-------+----------+-------------------------------------------
     0 | D:1      | Romesagentofchaos the Demonspawn Gladiator began the quest
                  | for the Orb.
     0 | D:1      | Reached XP level 1. HP: 16/16 MP: 1/1
    29 | D:1      | Identified a scroll of acquirement
    30 | D:1      | Acquired the amulet of Deruwnewn {Spirit Drain rN+ Regen+
                  | Dex+8}
   116 | D:1      | Gained mutation: You sometimes gain a little power by
                  | taking damage. [demonic ancestry]
   116 | D:1      | Reached XP level 2. HP: 22/22 MP: 0/2
   356 | D:1      | Reached XP level 3. HP: 23/27 MP: 3/3
   922 | D:2      | Reached skill level 1 in Armour
  1007 | D:2      | Gained mutation: You have sharp fingernails. [demonic
                  | ancestry]
  1007 | D:2      | Reached XP level 4. HP: 22/34 MP: 4/4
  1092 | D:2      | Found a faded altar of an unknown god.
  1486 | D:3      | Noticed Terence
  1503 | D:3      | Killed Terence
  1700 | D:3      | Found a sacrificial altar of Ru.
  1718 | D:3      | Became a worshipper of Ru the Awakened
  1730 | D:3      | Gained mutation: Your muscles are strong. (Str +2) [potion
                  | of mutation]
  1730 | D:3      | Gained mutation: You are frail. (-10% HP) [potion of
                  | mutation]
  1730 | D:3      | Gained mutation: You evolve. [potion of mutation]
  1801 | D:3      | Acquired 595 gold pieces
  1870 | D:3      | Gained mutation: You have very sharp fingernails. [demonic
                  | ancestry]
  1870 | D:3      | Reached XP level 5. HP: 31/35 MP: 3/5
  1875 | D:3      | Reached skill level 1 in Short Blades
  2033 | D:4      | Found a stormy altar of Qazlal.
  2037 | D:4      | Noticed an ice beast
  2052 | D:4      | Slain by an ice beast

Illustrated notes

Levels and vault maps discovered:
D:1:      dpeg_arrival_windows_large_door, layout_rooms, st_stairs_7
D:2:      layout_basic, shapermc_ecumenical_altar_notcrosses, minmay_octomino_e4
D:3:      layout_basic, mainiacjoe_overflow_paths, st_stairs_2, uniq_terence
D:4:      layout_rooms, nicolae_qazlal_general_emergency,
          pdpol_wu_jian_five_deadly_venoms, minmay_temple_entry_crystal_x

Skill      XL: |  1  2  3  4  5 |
---------------+----------------+-----
Axes           | 3 |  3.5
Dodging        | 3 |  3.7
Armour         | 1 |  1.8
Short Blades   | 1 |  1.2
Fighting       | |  2.5
Throwing       | |  1.8
Stealth        | |  0.8

Action                   |  1- 3 |  4- 6 || total
-------------------------+-------+-------++-------
Melee: War axe           |    76 |       ||    76
       Dagger            |    89 |   105 ||   194
Throw: Throwing net      |       |     3 ||     3
Evoke: Wand              |       |     1 ||     1
  Use: Scroll            |     3 |     3 ||     6
       Potion            |     2 |     3 ||     5
 Stab: Sleeping          |     4 |     4 ||     8
Armor: Leather armour    |    53 |    31 ||    84
Dodge: Dodged            |   181 |    56 ||   237
